 Dungeon Crawl Stone Soup version 0.30.1 (webtiles) character file.

Game seed: 13370847020446282062

39 spardeous the Digger (level 3, -1/14 HPs)
             Began as a Felid Earth Elementalist on July 14, 2023.
             Slain by a scorpion (2 damage)
             ... on level 3 of the Dungeon.
             The game lasted 00:01:49 (1001 turns).

spardeous the Digger (Felid Earth Elementalist)     Turns: 1001, Time: 00:01:50

Health: -1/14      AC:  1    Str:  4    XL:     3   Next: 28%
Magic:  3/7        EV: 17    Int: 18    God:
Gold:   108        SH:  0    Dex: 16    Spells: 5/6 levels left
                                        Lives:  0   Deaths: 0

rFire   . . .        (weapon unavailable)
rCold   . . .        (shield unavailable)
rNeg    . . .        (body armour unavailable)
rPois   .            (helmet unavailable)
rElec   .            (cloak unavailable)
rCorr   .            (gloves unavailable)
SInv    +            (boots unavailable)
Will    .....        (no amulet)
Stlth   ++           (no ring)
HPRegen 0.22/turn    (no ring)
MPRegen 0.10/turn

%: no passive effects
@: lethally poisoned (-1 -> -5), quick
A: very small, claws 1, fangs 3, see invisible, speed 1, shaggy fur 1, stealthy
paws, no weapons or thrown items, no armour, multi-lived
a: no special abilities


You were on level 3 of the Dungeon.
You visited 1 branch of the dungeon, and saw 4 of its levels.

You collected 108 gold pieces.

Inventory:

Scrolls
 d - a scroll of teleportation {unknown}
 e - a scroll of torment {unknown}
 f - a scroll of identify {unknown}
Potions
 a - a potion of magic
 b - a potion of curing {unknown}
 c - a potion of heal wounds {unknown}


   Skills:
 - Level 2.6 Dodging
 - Level 2.6 Stealth
 - Level 2.0 Spellcasting
 - Level 1.1 Transmutations
 + Level 4.0 Earth Magic


You had 5 spell levels left.
You knew the following spells:

 Your Spells              Type           Power      Damage    Failure   Level
a - Sandblast             Erth           32%        2d9       3%          1

Your spell library contained the following spells:

 Spells                   Type           Power      Damage    Failure   Level
 Passwall                 Tmut/Erth      9%         N/A       10%         2
 Wereblood                Tmut           5%         N/A       17%         2
 Stone Arrow              Conj/Erth      18%        3d8       24%         3
 Sublimation of Blood     Necr           1%         N/A       26%         2
 Petrify                  Tmut/Erth      11%        N/A       54%         4
 Summon Hydra             Summ           0%         N/A       100%        7


Dungeon Overview and Level Annotations

Branches:
Dungeon (4/15)
 Temple: D:4-7

Altars:


Innate Abilities, Weirdness & Mutations

You have sharp claws.
You have razor-sharp teeth.
You have supernaturally acute eyesight. (SInv)
You cover ground quickly. (Speed+)
You are covered in fur. (AC +1)
Your paws help you pounce on unaware monsters.
You are incapable of wielding weapons or throwing items.
You cannot wear armour.
You gain extra lives every three experience levels.


Message History

Confirm with . or Enter, or press ? or * to list all spells.
Aiming: Sandblast (safe; 3% risk of failure)
Press: ? - help, Shift-Dir - straight line, f/p - scorpion
Aim: a scorpion (heavily wounded, 82% to hit)
The blast of sand hits the scorpion.
The scorpion is heavily wounded.
The scorpion completely misses you. The scorpion stings you.
You climb upwards.
There is a stone staircase leading down here.
Casting: Sandblast (safe; 3% risk of failure)
Confirm with . or Enter, or press ? or * to list all spells.
Aiming: Sandblast (safe; 3% risk of failure)
Press: ? - help, Shift-Dir - straight line, f - scorpion
Aim: a scorpion (heavily wounded, 82% to hit)
The blast of sand hits the scorpion but does no damage.
The scorpion is heavily wounded.
The scorpion stings you. x2
You are lethally poisoned!
The scorpion poisons you!
Casting: Sandblast (safe; 3% risk of failure)
Confirm with . or Enter, or press ? or * to list all spells.
Aiming: Sandblast (safe; 3% risk of failure)
Press: ? - help, Shift-Dir - straight line, f/p - scorpion
Aim: a scorpion (heavily wounded, 82% to hit)
The blast of sand hits the scorpion.
The scorpion is heavily wounded.
You feel very sick. The scorpion closely misses you.
Casting: Sandblast (safe; 3% risk of failure)
Confirm with . or Enter, or press ? or * to list all spells.
Aiming: Sandblast (safe; 3% risk of failure)
Press: ? - help, Shift-Dir - straight line, f/p - scorpion
Aim: a scorpion (heavily wounded, 82% to hit)
The blast of sand misses the scorpion.
* * * LOW HITPOINT WARNING * * *
You feel sick. The scorpion stings you.
* * * LOW HITPOINT WARNING * * *
The scorpion stings you.
You die...

#.....#.......##.....>.....#
#.....#...##..#####.#..##..#
#.......#.....# #.#..#
#.....#...###.# #.#..#
#.....##.## #.# #.#... #.#.#
#.####.## #.#.### # #.
#.#.##...####.#.#### #
..###................. ###
#..@†.#.##########.
#.##s###.# #. ##...## #
#####


You could see a scorpion.

Vanquished Creatures
  A gnoll (D:4)
  2 dart slugs (D:1)
  3 ball pythons (D:1)
  2 endoplasms
  3 giant cockroaches
  2 goblins
  2 hobgoblins
  A quokka (D:1)
  2 bats (D:1)
  2 kobolds (D:1)
  8 rats
28 creatures vanquished.

Notes
Turn   | Place    | Note
-------+----------+-------------------------------------------
     0 | D:1      | spardeous the Felid Earth Elementalist began the quest for
                  | the Orb.
     0 | D:1      | Reached XP level 1. HP: 7/7 MP: 4/4
     0 | D:1      | Found a faded altar of an unknown god.
    88 | D:1      | Reached skill level 3 in Earth Magic
   222 | D:1      | Reached XP level 2. HP: 11/11 MP: 4/6
   866 | D:3      | Reached XP level 3. HP: 14/14 MP: 4/7
   963 | D:4      | Reached skill level 4 in Earth Magic
   992 | D:4      | Noticed a scorpion
  1001 | D:3      | Slain by a scorpion

Illustrated notes

Levels and vault maps discovered:
D:1:      dpeg_arrival_long_road, layout_loops_cross,
          dreamdust_ecumenical_altar_grove, chequers_serial_rivers_small_3,
          nicolae_eternal_life, corexii_hall_statues_t, serial_bayou_lagoon_b
D:2:      layout_basic, serial_shops, shop, nicolae_shop_tiny_statue_garden,
          chequers_serial_rivers_marsh, kennysheep_nondescript
D:3:      layout_loops_ring, grunt_temple_overflow_open
D:4:      gammafunk_cloud_chamber, layout_layer_cave, serial_shops, shop

Skill      XL: |  1  2  3 |
---------------+----------+-----
Earth Magic    | 3 4 |  4.0
Dodging        | |  2.6
Stealth        | |  2.6
Spellcasting   | |  2.0
Transmutations | |  1.1

Action                     || total
---------------------------++-------
  Melee: Unarmed           ||     1
   Cast: Sandblast         ||    43
  Dodge: Dodged            ||     9
